 Dungeon Crawl Stone Soup version 0.22.0-18-ge075c0d (webtiles) character file.

580 Loudmushroom the Chopper (level 7, 0/61 HPs)
             Began as a Minotaur Fighter on Aug 18, 2018.
             Was an Initiate of Okawaru.
             Slain by Duvessa
             ... wielding a +0 short sword
              (1 damage)
             ... on level 5 of the Dungeon.
             The game lasted 00:17:44 (4167 turns).

Loudmushroom the Chopper (Minotaur Fighter)         Turns: 4167, Time: 00:17:46

Health: 0/61       AC:  9    Str: 26    XL:     7   Next: 13%
Magic:  0/6        EV:  6    Int:  5    God:    Okawaru [......]
Gold:   157        SH: 11    Dex: 11    Spells: 6/6 levels left

rFire    + . .     SeeInvis .   a - +0 war axe
rCold    x . .     Gourm    .   c - +1 shield
rNeg     . . .     Faith    .   o - +0 chain mail
rPois    .         Spirit   +   (helmet restricted)
rElec    .         Reflect  .   l - scarf {Spirit}
rCorr    .         Harm     .   (no gloves)
MR       .....                  (no boots)
Stlth    ..........             y - amulet of regeneration
HPRegen  0.60/turn              u - ring of fire
MPRegen  0.10/turn              (no ring)

@: mighty
A: retaliatory headbutt, horns 2
a: Renounce Religion


You were on level 5 of the Dungeon.
You worshipped Okawaru.
Okawaru was noncommittal.
You were not hungry.

You visited 2 branches of the dungeon, and saw 6 of its levels.

You collected 157 gold pieces.

Inventory:

Hand Weapons
 a - a +0 war axe (weapon)
 b - a +0 hunting sling
Missiles
 i - 77 arrows
 n - 158 stones (quivered)
 r - 22 bolts
 x - 12 poisoned needles
Armour
 c - a +1 shield (worn)
 l - a scarf of spirit shield (worn)
 o - a +0 chain mail (worn)
Jewellery
 u - a ring of fire (left hand)
 y - an amulet of regeneration (around neck)
Wands
 j - a wand of acid (5)
Scrolls
 h - a scroll of identify
Potions
 m - a potion of resistance
 p - a potion of ambrosia
 s - 2 potions of agility
 t - a potion of heal wounds
Comestibles
 f - 8 rations


   Skills:
 + Level 5.4 Fighting
 * Level 6.2 Axes
 + Level 5.4 Armour
 + Level 5.4 Shields


You had 6 spell levels left.
You didn't know any spells.
Your spell library was empty.

Dungeon Overview and Level Annotations

Branches:
Dungeon (5/15)             Temple (1/1) D:4

Altars:
Cheibriados
Dithmenos
Nemelex Xobeh
Okawaru
Trog
Vehumet
Yredelemnul

Annotations:
D:5 Dowan, Duvessa, Grinder


Innate Abilities, Weirdness & Mutations

You reflexively headbutt those who attack you in melee.
You have a pair of horns on your head.


Message History

You block Grinder's attack. You block Duvessa's attack.
Dowan hits you but does no damage.
You closely miss Duvessa. Your headbutt misses Duvessa.
Duvessa is lightly wounded.
You closely miss Grinder. You slash Dowan! Grinder hits you.
You writhe in agony.
* * * LOW HITPOINT WARNING * * *
Duvessa hits you with a short sword.
* * * LOW HITPOINT WARNING * * *
Dowan points at you and mumbles some strange words.
The puff of frost hits you!
You feel a terrible chill!
* * * LOW HITPOINT WARNING * * *
Grinder hits you but does no damage. Duvessa hits you but does no damage.
You feel very mighty all of a sudden. You block Dowan's attack.
Grinder hits you.
* * * LOW HITPOINT WARNING * * *
You writhe in agony.
* * * LOW HITPOINT WARNING * * *
Duvessa hits you with a short sword.
You die...

..#..# #.#..#
####.#..#
#.......#
#.......#
#.......#
#....ee.#
#....5@.#######
#....#..##....#
#... #..##.####
#.. #..##.##.#
#. #..##.##.# #
#..##.##.#
#.>##.##.#
#..##.##.#
#........#


You could see Grinder, Duvessa and Dowan.

Vanquished Creatures
  2 ogres (D:4)
  A scorpion (D:4)
  A howler monkey (D:2)
  A bullfrog zombie (D:5)
  An orc wizard (D:4)
  Ijyb (D:5)
  2 worker ants (D:4)
  9 adders
  A shadow imp (D:5)
  An ooze (D:2)
  A worm (D:2)
  5 dart slugs
  4 leopard geckos
  10 orcs
  2 ball pythons (D:2)
  7 bats
  5 giant cockroaches
  4 goblins
  5 hobgoblins
  10 jackals
  6 kobolds
  A quokka (D:2)
  6 frilled lizards
  A quokka zombie (D:5)
  5 rats (D:1)
92 creatures vanquished.

Notes
Turn   | Place    | Note
-------+----------+-------------------------------------------
     0 | D:1      | Loudmushroom the Minotaur Fighter began the quest for the Orb.
     0 | D:1      | Reached XP level 1. HP: 19/19 MP: 0/0
   104 | D:1      | Reached XP level 2. HP: 23/27 MP: 1/1
   225 | D:1      | Reached skill level 3 in Axes
   876 | D:1      | Reached XP level 3. HP: 29/33 MP: 2/2
  1079 | D:2      | Reached XP level 4. HP: 37/40 MP: 3/3
  1122 | D:2      | Found a basalt altar of Yredelemnul.
  1132 | D:2      | Found a snail-covered altar of Cheibriados.
  1178 | D:2      | Reached skill level 4 in Axes
  1742 | D:2      | Found a bloodstained altar of Trog.
  1966 | D:3      | Reached XP level 5. HP: 44/47 MP: 4/4
  2754 | D:4      | Noticed an ogre
  2759 | D:4      | Killed an ogre
  2759 | D:4      | Reached skill level 5 in Axes
  2778 | D:4      | Reached XP level 6. HP: 50/55 MP: 3/5
  2880 | D:4      | Reached skill level 5 in Fighting
  2889 | D:4      | Reached skill level 5 in Armour
  2889 | D:4      | Reached skill level 5 in Shields
  3222 | D:4      | Found a staircase to the Ecumenical Temple.
  3233 | Temple   | Entered the Ecumenical Temple
  3243 | Temple   | Became a worshipper of Warmaster Okawaru
  3369 | D:4      | Reached skill level 6 in Axes
  3458 | D:4      | Reached XP level 7. HP: 50/61 MP: 4/6
  3798 | D:5      | Entered Level 5 of the Dungeon
  3798 | D:5      | Found a sparkling altar of Nemelex Xobeh.
  3850 | D:5      | Noticed Ijyb
  3865 | D:5      | Killed Ijyb
  4157 | D:5      | Noticed Dowan
  4157 | D:5      | Noticed Grinder
  4157 | D:5      | Noticed Duvessa
  4167 | D:5      | HP: 1/61 [Grinder (4)]
  4167 | D:5      | Slain by Duvessa

Skill      XL: |  1  2  3  4  5  6 |
---------------+-------------------+-----
Axes           | 3 4 5 6 |  6.2
Armour         | 4 5 |  5.4
Fighting       | 4 5 |  5.4
Shields        | 4 5 |  5.4

Action                   |  1- 3 |  4- 6 |  7- 9 || total
-------------------------+-------+-------+-------++-------
Melee: War axe           |    61 |   143 |    32 ||   236
       Headbutt          |    13 |    23 |     5 ||    41
Throw: Stone             |       |     3 |       ||     3
  Use: Scroll            |       |       |    12 ||    12
       Potion            |       |       |     1 ||     1
  Eat: Chunk             |       |     8 |     1 ||     9
       Ration            |       |       |     1 ||     1
Armor: Scale mail        |    37 |    30 |       ||    67
       Chain mail        |       |    42 |    15 ||    57
Dodge: Dodged            |    16 |    39 |     4 ||    59
Block: Shield            |    34 |    97 |    18 ||   149
